 Dungeon Crawl Stone Soup version 0.30-b1-2-g02819fbbbe (webtiles) character file.

Game seed: 5631460870993678557

93 Ashen the Chiller (level 4, 0/41 HPs)
             Began as an Ogre Ice Elementalist on Jan 19, 2024.
             Slain by Edmund
             ... wielding a +2 dire flail of protection
              (16 damage)
             ... on level 4 of the Dungeon.
             The game lasted 00:06:31 (2707 turns).

Ashen the Chiller (Ogre Ice Elementalist)           Turns: 2707, Time: 00:06:31

Health: 0/41       AC:  3    Str: 12    XL:     4   Next: 62%
Magic:  9/9        EV: 15    Int: 18    God:
Gold:   212        SH:  0    Dex:  9    Spells: 2/9 levels left

rFire   . . .        o - +2 short sword (venom)
rCold   . . .        (no shield)
rNeg    . . .        a - +0 robe
rPois   .            (helmet restricted)
rElec   .            (no cloak)
rCorr   .            (gloves unavailable)
SInv    .            (boots unavailable)
Will    .....        k - amulet of magic regeneration
Stlth   ++           l - +5 ring of evasion
HPRegen 0.26/turn    (no ring)
MPRegen 0.51/turn

%: no passive effects
@: no status effects
A: large, unfitting armour, tough skin 1
a: no special abilities


You were on level 4 of the Dungeon.
You visited 1 branch of the dungeon, and saw 4 of its levels.

You collected 212 gold pieces.

Inventory:

Hand Weapons
 i - a +0 whip
 o - a +2 short sword of venom (weapon)
Armour
 a - a +0 robe (worn)
Jewellery
 k - an amulet of magic regeneration (around neck)
 l - a +5 ring of evasion (left hand)
Scrolls
 f - 2 scrolls of teleportation {unknown}
 j - 3 scrolls of identify {unknown}
 n - a scroll of amnesia {unknown}
Potions
 b - a potion of magic
 d - a potion of heal wounds
 e - a potion of ambrosia {unknown}
 g - 2 potions of degeneration {unknown}
 h - a potion of curing {unknown}
 m - a potion of invisibility {unknown}


   Skills:
 + Level 1.4 Fighting
 + Level 0.6 Maces & Flails
 + Level 2.2 Dodging
 + Level 1.9 Stealth
 * Level 3.4 Spellcasting
 * Level 4.1 Ice Magic


You had 2 spell levels left.
You knew the following spells:

 Your Spells              Type           Power      Damage    Failure   Level
a - Freeze                Ice            72%        1d8       2%          1
b - Frozen Ramparts       Ice            36%        1d6       9%          3
c - Ozocubu's Armour      Ice            18%        N/A       9%          3

Your spell library contained the following spells:

 Spells                   Type           Power      Damage    Failure   Level
 Summon Ice Beast         Ice/Summ       10%        N/A       54%         4
 Ozocubu's Refrigeration  Ice            9%         4d9       100%        7


Dungeon Overview and Level Annotations

Branches:
Dungeon (4/15)
 Temple: D:4-7

Altars:
Ashenzari

Shops:
D:3 (

Annotations:
D:2 1 runed translucent door, Crazy Yiuf
D:3 Grinder
D:4 Blork the orc, Edmund


Innate Abilities, Weirdness & Mutations

You are too large for most types of armour.
You have tough skin. (AC +1)


Message History

You see here 3 gold pieces.
You hit Edmund but do no damage. Edmund barely misses you.
You hit Edmund but do no damage.
Edmund is poisoned.
Edmund hits you with a +2 dire flail of protection.
You barely miss Edmund.
Edmund is lightly wounded.
Edmund completely misses you.
You hit Edmund but do no damage.
Edmund looks as sick as possible!
Edmund is lightly wounded.
Edmund hits you with a +2 dire flail of protection.
You hit Edmund but do no damage.
Edmund is moderately wounded.
Edmund hits you with a +2 dire flail of protection!
You hit Edmund but do no damage.
Edmund looks as sick as possible!
Edmund is moderately wounded.
Edmund hits you with a +2 dire flail of protection.
* * * LOW HITPOINT WARNING * * *
It was a potion of heal wounds.
You feel much better. Edmund hits you but does no damage.
You barely miss Edmund.
Edmund is moderately wounded.
Edmund barely misses you.
You hit Edmund but do no damage.
Edmund is moderately wounded.
Edmund hits you with a +2 dire flail of protection!
You hit Edmund but do no damage.
Edmund looks as sick as possible!
Edmund is heavily wounded.
Edmund closely misses you.
You hit Edmund but do no damage.
Edmund looks as sick as possible!
Edmund is severely wounded.
Edmund barely misses you.
You closely miss Edmund.
Edmund is severely wounded.
Edmund hits you with a +2 dire flail of protection.
You barely miss Edmund.
Edmund is severely wounded.
Edmund misses you. Edmund attacks as you move away!
Edmund hits you with a +2 dire flail of protection!
You die...

# #.#.##.#
..##.##†#.##.#
..@.....#.##.#
#.##.##.#..#.#
.....##.##.#.#
........##.#.#
#.#####.##)#<#
#.####..>#.#.#
#......$.@@..#
######...#†###
##.##.# #.##.#
#.##.. ..####
###


You could see Edmund (extremely poisoned).

Vanquished Creatures
  Natasha (D:4)
  An adder (D:3)
  A worm (D:3)
  4 dart slugs
  An orc (D:3)
  5 ball pythons
  3 endoplasms
  2 giant cockroaches
  3 goblins (D:1)
  3 hobgoblins
  4 jackals (D:1)
  3 quokkas
  2 bats (D:2)
  A frilled lizard (D:1)
  8 kobolds
  3 rats
45 creatures vanquished.

Notes
Turn   | Place    | Note
-------+----------+-------------------------------------------
     0 | D:1      | Ashen the Ogre Ice Elementalist began the quest for the
                  | Orb.
     0 | D:1      | Reached XP level 1. HP: 16/16 MP: 3/3
    92 | D:1      | Reached XP level 2. HP: 16/26 MP: 2/5
   453 | D:1      | Reached XP level 3. HP: 32/32 MP: 4/7
   705 | D:2      | Found a broken altar of Ashenzari.
   717 | D:2      | Reached skill level 4 in Ice Magic
  1040 | D:2      | Found a runed translucent door.
  1041 | D:2      | Noticed Crazy Yiuf
  1434 | D:2      | Reached skill level 1 in Fighting
  1920 | D:3      | Found Ajaskauc's Antique Weapon Shoppe.
  2150 | D:3      | Noticed Grinder
  2151 | D:3      | Paralysed by Grinder for 3 turns
  2276 | D:3      | Learned a level 3 spell: Frozen Ramparts
  2280 | D:3      | Learned a level 3 spell: Ozocubu's Armour
  2304 | D:3      | Paralysed by Grinder for 5 turns
  2343 | D:3      | Paralysed by Grinder for 3 turns
  2535 | D:3      | Reached XP level 4. HP: 35/41 MP: 8/8
  2655 | D:4      | Noticed Natasha
  2682 | D:4      | Killed Natasha
  2684 | D:4      | Noticed Edmund
  2687 | D:4      | Noticed Blork the orc
  2707 | D:4      | Slain by Edmund

Illustrated notes

Levels and vault maps discovered:
D:1:      mrwooster_arrival_statue_2, layout_rooms
D:2:      layout_basic, basic_altar, chequers_garden, serial_park_tiny_pond,
          uniq_crazy_yiuf_cottage
D:3:      wad_crossroads, layout_basic, serial_shops, shop, uniq_grinder
D:4:      layout_loops_ring, uniq_pikel, uniq_blork_the_orc, uniq_edmund,
          uniq_natasha

Skill      XL: |  1  2  3 |
---------------+----------+-----
Dodging        | 2 |  2.2
Ice Magic      | 4 |  4.1
Spellcasting   | 3 |  3.4
Fighting       | 1 |  1.4
Maces & Flails | |  0.6
Stealth        | |  1.9

Action                     |  1- 3 |  4- 6 || total
---------------------------+-------+-------++-------
  Melee: Unarmed           |    53 |       ||    53
         Dagger            |    16 |       ||    16
         Short sword       |    28 |    26 ||    54
         Whip              |    16 |       ||    16
   Cast: Freeze            |    45 |       ||    45
         Ozocubu's Armour  |     1 |       ||     1
    Use: Potion            |       |     1 ||     1
   Stab: Sleeping          |     2 |       ||     2
 Armour: Robe              |    36 |     3 ||    39
  Dodge: Dodged            |    84 |    11 ||    95
